 Dungeon Crawl Stone Soup version 0.20-a0-970-gcd8f41e (webtiles) character file.

565708 Jm2c the Acrobat (level 25, -25/254 HPs)
             Began as a Deep Dwarf Fighter on Apr 4, 2017.
             Was the Champion of Makhleb.
             Killed from afar by Ulaelog the pandemonium lord (54 damage)
             ... with a great blast of fire
             ... on level 2 of the Realm of Zot on Apr 8, 2017.
             The game lasted 13:26:46 (58305 turns).

Jm2c the Acrobat (Deep Dwarf Fighter)              Turns: 58305, Time: 13:26:47

Health: -25/254    AC: 42    Str: 29    XL:     25   Next: 48%
Magic:  0/25       EV: 21    Int:  9    God:    Makhleb [******]
Gold:   161        SH: 17    Dex: 15    Spells: 12/24 levels left

rFire    + + .     SeeInvis .   O - +9 broad axe (vamp)
rCold    . . .     Gourm    .   Y - +2 shield
rNeg     + . .     Faith    .   g - +6 plate armour {rF+}
rPois    .         Spirit   +   e - +2 helmet
rElec    .         Reflect  .   F - +2 cloak
rCorr    .         Harm     .   H - +1 pair of gloves
MR       +++++                  M - +1 pair of boots
Stlth    ..........             E - amulet "Imoafa Qiud" {Spirit +Inv Slay+4 Stlth+}
Regen    0.0/turn               c - +6 ring of protection
MPRegen  0.2/turn               W - ring of the Pure Lovers {rF+ MR++ Stlth-}

@: exhausted, non-regenerating
A: damage resistance, heal wounds, magic resistance 1, negative energy
resistance 1, sense surroundings 3, no regeneration
0: Orb of Zot
}: 3/15 runes: serpentine, barnacled, abyssal
a: Heal Wounds, Minor Destruction, Lesser Servant of Makhleb, Major Destruction,
Greater Servant of Makhleb, Renounce Religion, Evoke Invisibility


You were on level 2 of the Realm of Zot.
You worshipped Makhleb.
Makhleb was exalted by your worship.
You were not hungry.

You visited 10 branches of the dungeon, and saw 49 of its levels.
You visited the Abyss 1 time.
You also visited: Labyrinth.

You collected 4756 gold pieces.
You spent 4595 gold pieces at shops.

Inventory:

Hand Weapons
 O - a +9 vampiric broad axe (weapon)
Missiles
 K - 4 throwing nets (quivered)
 U - 11 javelins
Armour
 e - a +2 helmet (worn)
 g - a +6 plate armour of fire resistance (worn)
 F - a +2 cloak (worn)
 H - a +1 pair of gloves (worn)
 M - a +1 pair of boots (worn)
 Y - a +2 shield (worn)
Jewellery
 c - a +6 ring of protection (left hand)
 h - an uncursed ring of resist corrosion
 z - an uncursed ring of see invisible
 E - the amulet "Imoafa Qiud" (around neck) {Spirit +Inv Slay+4 Stlth+}
   (You bought it in a shop on level 1 of the Depths)

   [amulet of guardian spirit]

   It causes incoming damage to be split between your health and magic.
   It affects your accuracy and damage with ranged weapons and melee attacks
   (+4).
   It lets you turn invisible.
   It makes you more stealthy.
 Q - a +5 ring of evasion
 W - the ring of the Pure Lovers (right hand) {rF+ MR++ Stlth-}
   (You found it on level 1 of the Lair of Beasts)

   [ring of loudness]

   It protects you from fire.
   It affects your resistance to hostile enchantments.
   It makes you less stealthy.
Wands
 a - a wand of acid (3/15)
 l - a wand of confusion (26/48)
 r - a wand of scattershot (2/9)
 w - a wand of disintegration (7/24)
 x - a wand of paralysis (17/24)
 A - a wand of flame (21/48)
 B - a wand of lightning (8/15)
 G - a wand of enslavement (5/24)
 N - a wand of digging (6/24)
 T - a wand of iceblast (5/15)
 Z - a wand of lightning (7/15)
Scrolls
 b - 16 scrolls of teleportation
 f - 19 scrolls of identify
 s - 19 scrolls of remove curse
 t - 3 scrolls of summoning
 y - 3 scrolls of fear
 I - 5 scrolls of fog
Potions
 d - 3 potions of berserk rage
 j - a potion of invisibility
 o - 6 potions of agility
 p - 2 potions of heal wounds
 u - 4 potions of flight
 v - 5 potions of might
 L - 4 potions of cancellation
 V - 5 potions of mutation
 X - 3 potions of curing
Miscellaneous
 J - a lamp of fire
Comestibles
 i - 6 meat rations
 m - 38 royal jellies


   Skills:
 + Level 20.6 Fighting
 - Level 18.3 Axes
   Level 12.0(12.2) Slings
 - Level 2.7(7.1) Throwing
 * Level 17.2 Armour
 + Level 22.0 Dodging
 - Level 15.0 Shields
 - Level 17.0 Invocations
 - Level 17.1 Evocations


You had 12 spell levels left.
You knew the following spells:

 Your Spells              Type           Power        Failure   Level  Hunger
a - Pain                  Necr           #...         99%         1    ##.....
b - Vampiric Draining     Necr           #.........   100%        3    ####...
c - Blink                 Tloc           N/A          100%        2    ###....
d - Dispersal             Tloc           #.........   100%        6    #######


Dungeon Overview and Level Annotations

Branches:
Dungeon (15/15)            Temple (1/1) D:6            Lair (6/6) D:8
 Shoals (4/4) Lair:3        Snake (4/4) Lair:2        Slime (0/5) Lair:5
    Orc (2/2) D:10            Elf (3/3) Orc:2        Vaults (4/5) D:14
  Crypt (0/3) Vaults:3     Depths (5/5) D:15            Zot (5/5) Depths:5

Altars:
Ashenzari
Cheibriados
Dithmenos
Elyvilon
Fedhas
Gozag
Hepliaklqana
Kikubaaqudgha
Makhleb
Nemelex Xobeh
Okawaru
Qazlal
Ru
Sif Muna
Trog
Uskayaw
Vehumet
Wu Jian
Xom
Yredelemnul
Zin
The Shining One
Beogh

Shops:
D:14 (   Orc:2 !(!?   Elf:1 *[*[   Shoals:2 (=:[   Snake:1 :   Snake:2 [
Depths:1 }=}   Depths:3 ((:(

Portals:
Hell: Lair:6 Depths:1 Depths:2 Depths:3 Depths:4 Depths:5
Abyss: Depths:2 Depths:4 Depths:5
Pandemonium: Depths:1 Depths:3
Ziggurat: Depths:2

Annotations:
D:14 exclusion: orange crystal statue
Snake:4 exclusion: Roxanne, Roxanne
Elf:2 3 runed doors


Innate Abilities, Weirdness & Mutations

You are resistant to damage.
You can heal yourself by infusing magical energy.
You resist negative energy. (rN+)
You passively map a large area around you.
You do not regenerate.
You are resistant to hostile enchantments. (MR+)


Message History

Your tentacled monstrosity tentacle-slaps Ulaelog!
Your tentacled monstrosity grabs Ulaelog.
Your tentacled monstrosity constricts Ulaelog!
Your yellow draconian monk throws acid at the Orb Guardian.
The glob of acid hits the Orb Guardian.
The Orb Guardian is splashed with acid.
The acid corrodes the Orb Guardian!
The Orb Guardian is splashed with acid.
The acid corrodes the Orb Guardian!
Your black draconian stormcaller is engulfed in blazing flames.
Your black draconian stormcaller utters an invocation to Qazlal.
The blizzard demon gestures at you.
The bolt of lightning hits your purple draconian.
The bolt of lightning misses you.
You hear a chilling moan.
A moth of wrath and 4 fire vortices come into view.
Your magical essence is drained by the effort!
You feel much better.
You are engulfed in blazing flames.
You resist. Ulaelog gestures at you.
A raging storm of fire appears!
The great blast of fire engulfs you! You partially resist.
You die...

#....(......).........,.....
#................v...,......
#.........<..#......###.....
*#.....#...q.....#...##.....
#######.....###k.q§.y.##.........
................X....v..§.§.....#
...^.†........vvq§§&....§§§§§..#*
.).<..........v§§§X...24v§§§§§§#
####...#########@§d...#.#§§§§..#*
,*#...## #§§v....#####.§§##
,#)..## ####...## #§§##> ....##
#...# #§)#)# ...#* *****#...#
##§§§## ...** *,,,#....#
###§.§#§. ...,** *,,,.....#
#....[).. ,,,,,** *,,,,,,,,*
#........ **,,,,** **,*,,,,,*
#.......&


You could see Ulaelog, an Orb Guardian, a blizzard demon, a moth of wrath, a
chaos spawn, 6 fire vortices, a friendly tentacled monstrosity, a friendly
yellow draconian monk, a friendly purple draconian, a friendly black draconian
stormcaller, a friendly red draconian scorcher and a friendly rime drake.

Vanquished Creatures
  An orb of fire (Zot:5)
  An ancient lich (Zot:5)
  3 juggernauts
  2 Killer Klowns (Zot:5)
  Saint Roka (Snake:4)
  2 curse toes
  A profane servitor (Abyss:3)
  Jory (Depths:5)
  5 liches
  Jorgrun (Snake:2)
  7 tentacled monstrosities
  19 Orb Guardians
  2 quicksilver dragons
  An ancient champion (Vaults:3)
  A tentacled starspawn (Abyss:1)
  4 death cobs
  Polyphemus (Shoals:2)
  3 sphinxes
  Kirke (Snake:2)
  Donald (Snake:3)
  2 draconian monks
  8 storm dragons
  7 nagarajas
  4 tengu reavers
  2 deep elf sorcerers
  4 frost giants
  9 fire giants
  9 vault wardens
  A draconian scorcher (Zot:5)
  5 draconian shifters
  A ghost moth (Zot:4)
  Aizul (Snake:4)
  A draconian stormcaller (Zot:5)
  A draconian knight (Zot:3)
  A deep elf elementalist (Depths:3)
  30 very ugly things
  3 spriggan defenders
  A juggernaut skeleton (Depths:4)
  5 draconian annihilators
  2 reapers
  11 ironheart preservers
  Nessos (D:14)
  4 black draconians
  6 green draconians
  3 deep elf demonologists
  15 stone giants
  A deep elf annihilator (Vaults:2)
  6 yellow draconians
  2 dire elephants (Abyss:3)
  7 purple draconians
  3 red draconians
  14 spark wasps
  2 vampire knights
  4 white draconians
  4 deep elf death magi
  11 ettins
  3 merfolk javelineers
  18 yaktaur captains
  Josephine (D:11)
  An eidolon (Vaults:3)
  3 fire dragons
  A minotaur (Lab)
  7 merfolk impalers
  17 naga warriors
  3 deep elf high priests
  Fannar (D:10)
  A hydra (shapeshifter) (Vaults:1)
  10 great orbs of eyes
  10 hydras
  5 spriggan air magi
  14 ice dragons
  2 rakshasas
  2 alligator snapping turtles
  4 merfolk avatars
  2 catoblepae
  4 vault guards
  A quicksilver dragon skeleton (Abyss:3)
  12 centaur warriors
  A death knight (Vaults:1)
  5 merfolk aquamancers
  6 anacondas
  14 dancing weapons
  7 tengu warriors
  6 deep troll shamans
  13 ogre magi
  40 two-headed ogres
  13 deep troll earth magi
  7 shock serpents
  3 vampire magi
  8 death yaks
  4 thrashing horrors (Abyss:3)
  4 spriggan berserkers
  2 soul eaters (Depths:1)
  11 naga sharpshooters
  An orc high priest (Elf:1)
  4 large abominations
  12 deep elf knights
  4 sun demons
  The ghost of Isola the Carver, a novice TeGl of Okawaru (D:8)
  9 skeletal warriors (D:15)
  11 hell knights
  2 salamander mystics
  3 wretched stars
  A storm dragon skeleton (Depths:4)
  3 shadow wraiths
  4 iron trolls (Depths:5)
  The ghost of PID the Chopper, a novice BaSk (D:5)
  A sea snake (shapeshifter) (D:14)
  A death drake (Abyss:1)
  3 glowing orange brains
  3 unseen horrors
  24 sea snakes
  A gelid demonspawn (Depths:3)
  3 flayed ghosts
  9 naga ritualists
  41 deep trolls
  8 wizards
  14 harpies
  15 orc knights
  12 ironbrand convokers
  7 deep elf archers
  A mana viper (shapeshifter) (Depths:1)
  13 mana vipers
  A sphinx zombie (Depths:4)
  8 necromancers
  A tengu skeleton (Vaults:2)
  51 ugly things
  A lindwurm (shapeshifter) (D:13)
  A wolf spider (Vaults:2)
  A lindwurm (Lair:5)
  A stone giant zombie (Vaults:2)
  A faun (shapeshifter) (Vaults:1)
  A phantasmal warrior (Vaults:3)
  3 oklob plants (Zot:3)
  10 fauns
  2 salamanders (shapeshifter)
  42 deep elf magi
  12 manticores
  9 salamanders
  4 orc sorcerers
  9 cyclopes
  5 elephants
  11 moths of wrath
  A frost giant skeleton (Vaults:2)
  Maurice (D:12)
  4 guardian serpents
  11 merfolk sirens
  A fire giant skeleton (Depths:1)
  17 vault sentinels
  33 black mambas
  3 gargoyles
  5 smoke demons
  An apocalypse crab (Abyss:3)
  5 water nymphs
  3 human zombies (Vaults:2)
  20 naga magi
  5 spiny frogs
  8 rime drakes
  3 orange demons
  2 yaktaurs (shapeshifter)
  4 efreet
  2 yaktaur zombies
  5 freezing wraiths
  A komodo dragon (shapeshifter) (Depths:3)
  67 yaktaurs
  8 komodo dragons
  A hellwing (Lair:6)
  2 ice devils
  A tormentor (Depths:3)
  3 red devils
  4 tengu conjurers
  2 jumping spiders (shapeshifter)
  A queen bee (shapeshifter) (Elf:2)
  21 merfolk
  3 meliai (D:13)
  A queen bee (D:13)
  8 trolls
  11 hornets
  The ghost of Rrauwl the Skirmisher, an amateur DsBe of Trog (D:4)
  2 polar bears
  8 wind drakes
  A tengu simulacrum (Vaults:2)
  2 human simulacra (Vaults:2)
  Prince Ribbit (D:7)
  5 blink frogs (Lair:5)
  28 slime creatures
  17 hippogriffs
  6 snapping turtles
  4 dream sheep
  8 spriggans
  11 air elementals
  An ettin skeleton (Depths:1)
  14 water elementals
  3 shadows
  A flying skull (Abyss:3)
  A spriggan (shapeshifter) (Depths:4)
  27 yaks
  6 starcursed masses (Abyss:1)
  3 hogs (Snake:2)
  8 basilisks
  A basilisk (shapeshifter) (Vaults:1)
  10 wraiths
  3 wyverns
  5 fire elementals
  A human (shapeshifter) (Depths:5)
  2 small abominations
  3 yaktaur simulacra
  A neqoxec (Abyss:1)
  A chaos spawn (Depths:3)
  3 fire bats
  11 vampire mosquitoes
  A hungry ghost (D:8)
  A spatial vortex (Abyss:3)
  5 steam dragons (Shoals:3)
  Menkaure (D:5)
  5 wargs
  A swamp worm (shapeshifter) (Vaults:4)
  2 acid dragons
  42 nagas
  A naga (shapeshifter) (Elf:2)
  6 hell hounds
  7 water moccasins
  38 orc warriors
  5 porcupines
  5 sky beasts
  5 ice beasts
  A phantom (D:8)
  A hornet zombie (D:15)
  3 ettin simulacra (Depths:2)
  An orc zombie (Vaults:2)
  53 ogres
  7 boggarts
  2 human skeletons (Vaults:2)
  12 wolves
  15 centaurs
  12 crocodiles
  31 bullfrogs
  Blork the orc (D:4)
  3 earth elementals (Elf:2)
  3 scorpions
  21 killer bees (D:13)
  12 wights
  7 howler monkeys
  2 electric eels (Lair:3)
  6 crimson imps
  4 bullfrog zombies
  4 centaur zombies
  17 jellies
  9 hounds
  13 orc priests
  17 orc wizards
  3 bullfrog skeletons
  5 centaur skeletons
  An iron imp (Abyss:1)
  Jessica (D:3)
  6 iguanas
  17 worker ants
  2 killer bee zombies
  2 worker ant zombies
  A gnoll (D:1)
  17 adders
  2 shadow imps
  2 white imps (Abyss:1)
  13 oozes
  2 adder skeletons (D:5)
  An adder zombie (D:7)
  4 worms
  A dart slug (D:1)
  A leopard gecko (D:5)
  113 orcs
  7 bats
  3 giant cockroaches
  12 goblins
  12 hobgoblins
  17 jackals
  5 kobolds
  5 quokkas
  A ball python (D:3)
  4 frilled lizards
  A quokka zombie (D:5)
  9 rats
  A spectral orc (D:8)
  28 bushes (Zot:3)
  15 fungi
  30 plants
  A starspawn tentacle (Abyss:1)
2095 creatures vanquished.

Vanquished Creatures (collateral kills)
  An orb of fire (Zot:5)
  2 Orb Guardians (Zot:5)
  A storm dragon (Zot:3)
  A draconian scorcher (Zot:3)
  A draconian stormcaller (Zot:3)
  A draconian shifter (Depths:5)
  A draconian annihilator (Zot:3)
  2 white draconians (Zot:3)
  A purple draconian (Zot:3)
  A yellow draconian (Zot:3)
  2 naga warriors
  2 anacondas (Snake:4)
  A merfolk avatar (Shoals:4)
  2 merfolk aquamancers (Shoals:4)
  2 shock serpents (Snake:4)
  A naga sharpshooter (Snake:4)
  A naga ritualist (Snake:4)
  A harpy (Shoals:4)
  8 oklob plants (Zot:3)
  A moth of wrath (Zot:5)
  An elephant (Abyss:3)
  A naga mage (Abyss:3)
  A black mamba (Snake:4)
  An ice devil (Lair:6)
  3 merfolk (Shoals:3)
  A snapping turtle (Shoals:4)
  A small abomination (Abyss:3)
  3 nagas
  A hell hound (Lair:6)
  4 bushes (Zot:3)
  4 fungi (Zot:3)
  5 plants (Zot:3)
59 creatures vanquished.

Vanquished Creatures (others)
  Nikola (Elf:2)
  A fire giant (Depths:4)
  A draconian knight (Zot:2)
  A draconian shifter (Abyss:3)
  A spark wasp (Depths:5)
  2 deep elf knights
  A large abomination (Abyss:1)
  A necromancer (Depths:4)
  3 deep elf magi (Elf:2)
  A naga mage (Snake:2)
  An ice devil (Zot:2)
  An air elemental (Elf:2)
  An eye of draining (Abyss:3)
  A small abomination (Abyss:1)
  An orc wizard (Snake:4)
  An orc (D:12)
  2 bushes
  3 fire vortices (Zot:2)
  13 fungi
  A lurking horror (Abyss:1)
  16 plants
  2 starspawn tentacles (Abyss:1)
56 creatures vanquished.

Grand Total: 2210 creatures vanquished

Notes
Turn   | Place    | Note
-------+----------+-------------------------------------------
     0 | D:1      | Jm2c the Deep Dwarf Fighter began the quest for the Orb.
     0 | D:1      | Reached XP level 1. HP: 20/20 MP: 1/1
   279 | D:1      | Reached XP level 2. HP: 20/27 MP: 2/2
   447 | D:1      | Reached XP level 3. HP: 25/34 MP: 3/3
  1217 | D:2      | Found an ornate altar of the Wu Jian Council.
  1269 | D:2      | Reached XP level 4. HP: 43/43 MP: 4/4
  1270 | D:2      | Found a shattered altar of Ashenzari.
  1270 | D:2      | Found a glowing golden altar of the Shining One.
  1624 | D:3      | Reached skill level 1 in Evocations
  1667 | D:3      | Reached XP level 5. HP: 48/50 MP: 6/6
  1733 | D:3      | Found a burning altar of Makhleb.
  1736 | D:3      | Noticed Jessica
  1739 | D:3      | Killed Jessica
  1742 | D:3      | Became a worshipper of Makhleb the Destroyer
  2056 | D:3      | Reached skill level 5 in Axes
  2220 | D:3      | Reached XP level 6. HP: 39/57 MP: 6/8
  2576 | D:3      | Reached * piety under Makhleb
  2685 | D:4      | Noticed Rrauwl's ghost (amateur DsBe)
  2699 | D:4      | Killed Rrauwl's ghost
  2699 | D:4      | Reached XP level 7. HP: 66/66 MP: 9/9
  2781 | D:4      | Noticed Blork the orc
  2787 | D:4      | Killed Blork the orc
  3441 | D:5      | Entered Level 5 of the Dungeon
  3571 | D:5      | Reached skill level 1 in Slings
  3622 | D:5      | Reached skill level 1 in Throwing
  3651 | D:5      | Noticed PID's ghost (novice BaSk)
  3663 | D:5      | Killed PID's ghost
  3663 | D:5      | Reached skill level 5 in Fighting
  3663 | D:5      | Reached skill level 5 in Evocations
  3663 | D:5      | Reached XP level 8. HP: 69/75 MP: 9/11
  4012 | D:5      | Noticed Menkaure
  4018 | D:5      | Killed Menkaure
  4063 | D:5      | Found a radiant altar of Vehumet.
  4695 | D:6      | Found a white marble altar of Elyvilon.
  4779 | D:6      | Noticed a troll
  4782 | D:6      | Killed a troll
  4782 | D:6      | Gained mutation: You passively map the area around you. [Deep Dwarf growth]
  4782 | D:6      | Reached XP level 9. HP: 78/85 MP: 11/13
  4809 | D:6      | Got a warped ring mail
  4820 | D:6      | Identified the +1 ring mail of Yredelemnul's Fury {*Drain Str+2 Dex+4} (You found it on level 6 of the Dungeon)
  4949 | D:6      | Found a staircase to the Ecumenical Temple.
  4957 | Temple   | Entered the Ecumenical Temple
  5251 | D:7      | Reached ** piety under Makhleb
  5365 | D:7      | Found a sparkling altar of Nemelex Xobeh.
  5520 | D:7      | Learned a level 1 spell: Pain
  5524 | D:7      | Learned a level 3 spell: Vampiric Draining
  5534 | D:7      | Found a bloodstained altar of Trog.
  5699 | D:7      | Noticed Prince Ribbit
  5713 | D:7      | Killed Prince Ribbit
  5713 | D:7      | Reached skill level 1 in Invocations
  6223 | D:8      | Reached *** piety under Makhleb
  6228 | D:8      | Reached XP level 10. HP: 97/97 MP: 14/14
  6238 | D:8      | Found a staircase to the Lair.
  6414 | D:8      | Found a basalt altar of Yredelemnul.
  6460 | D:8      | Noticed Isola's ghost (novice TeGl)
  6480 | D:8      | Killed Isola's ghost
  6617 | D:8      | Found a radiant altar of Vehumet.
  6775 | D:9      | Found a deep blue altar of Sif Muna.
  6899 | D:9      | Reached skill level 5 in Armour
  7004 | D:9      | Reached skill level 5 in Invocations
  7163 | D:9      | Got a smoking hunting sling
  7164 | D:9      | Identified the +10 hunting sling of Indignation {freeze, *Drain +Blink rC+ rN+} (You found it on level 9 of the Dungeon)
  7241 | D:9      | Found a stormy altar of Qazlal.
  7250 | D:9      | Found a blossoming altar of Fedhas.
  7302 | D:9      | Reached **** piety under Makhleb
  7511 | D:10     | Entered Level 10 of the Dungeon
  7665 | D:10     | Found a staircase to the Orcish Mines.
  7665 | D:10     | Noticed a two-headed ogre
  7671 | D:10     | Killed a two-headed ogre
  7671 | D:10     | Reached skill level 5 in Slings
  7708 | D:10     | Found a roughly hewn altar of Beogh.
  7709 | D:10     | Reached XP level 11. HP: 106/106 MP: 14/14
  7764 | D:10     | Noticed a two-headed ogre
  7832 | D:10     | Killed a two-headed ogre
  8258 | D:10     | Noticed Fannar
  8275 | D:10     | Killed Fannar
  8472 | Lair:1   | Entered Level 1 of the Lair of Beasts
  8496 | Lair:1   | Noticed a six-headed hydra
  8506 | Lair:1   | Killed a six-headed hydra
  8642 | Lair:1   | Noticed an eight-headed hydra
  8658 | Lair:1   | Killed an eight-headed hydra
  8777 | Lair:1   | Got a heavily runed granite ring
  8779 | Lair:1   | Identified the ring of the Pure Lovers {rF+ MR++ Stlth-} (You found it on level 1 of the Lair of Beasts)
  9524 | Lair:2   | Found a staircase to the Snake Pit.
  9870 | Lair:3   | Found a staircase to the Shoals.
 10106 | Lair:3   | You fall through a shaft for 2 floors!
 10109 | Lair:5   | Found a staircase to the Slime Pits.
 10121 | Lair:5   | Reached ***** piety under Makhleb
 10121 | Lair:5   | Reached skill level 10 in Slings
 10281 | Lair:5   | Noticed a four-headed hydra
 10289 | Lair:5   | Killed a four-headed hydra
 10289 | Lair:5   | Reached XP level 12. HP: 100/114 MP: 16/16
 10320 | Lair:5   | Got a topaz-studded chain mail
 10343 | Lair:5   | Reached skill level 10 in Invocations
 10433 | Lair:3   | Identified the +4 chain mail "Buulluti" {rElec} (You found it on level 5 of the Lair of Beasts)
 12270 | Lair:6   | Entered Level 6 of the Lair of Beasts
 12281 | Lair:6   | Noticed a six-headed hydra
 12297 | Lair:5   | Killed a six-headed hydra
 12364 | Lair:6   | Noticed a six-headed hydra
 12372 | Lair:6   | Killed a six-headed hydra
 12414 | Lair:6   | Noticed a death yak
 12431 | Lair:6   | Noticed a death yak
 12431 | Lair:6   | Noticed a death yak
 12432 | Lair:6   | Noticed a death yak
 12446 | Lair:6   | Noticed a death yak
 12451 | Lair:5   | Killed a death yak
 12451 | Lair:5   | Reached skill level 5 in Shields
 12486 | Lair:6   | Noticed a death yak
 12495 | Lair:5   | Killed a death yak
 12495 | Lair:5   | Reached XP level 13. HP: 121/121 MP: 17/19
 14198 | Lair:6   | Reached skill level 10 in Evocations
 14383 | Lair:6   | Found a burning altar of Makhleb.
 14498 | Lair:6   | Found a gateway to Hell.
 15349 | D:11     | Reached ****** piety under Makhleb
 15421 | D:11     | Noticed Josephine
 15428 | D:11     | Killed Josephine
 15442 | D:11     | Found a burning altar of Makhleb.
 15463 | D:11     | Reached skill level 10 in Shields
 15672 | D:11     | Gained mutation: You resist negative energy. (rN+) [Deep Dwarf growth]
 15672 | D:11     | Reached XP level 14. HP: 105/129 MP: 21/21
 16090 | D:12     | Noticed Maurice
 16151 | D:12     | Killed Maurice
 16878 | D:12     | Reached skill level 15 in Invocations
 16878 | D:12     | Reached XP level 15. HP: 135/135 MP: 21/23
 16963 | D:10     | Upgraded the game from 0.20-a0-949-g916514f to 0.20-a0-957-g47ad1fd
 16964 | Orc:1    | Entered Level 1 of the Orcish Mines
 16964 | Orc:1    | Found a bloodstained altar of Trog.
 17327 | Orc:2    | Entered Level 2 of the Orcish Mines
 17661 | Orc:2    | Found Qicwaheo's Antique Weapon Emporium.
 17661 | Orc:2    | Found Gackybb's Distillery.
 17662 | Orc:2    | Found Tamac's Magic Scroll Shop.
 17662 | Orc:2    | Found Pylius's Distillery.
 17720 | Orc:2    | Found a staircase to the Elven Halls.
 17756 | Orc:2    | Bought a potion of curing for 42 gold pieces
 17756 | Orc:2    | Bought a potion of berserk rage for 70 gold pieces
 17756 | Orc:2    | Bought a potion of ambrosia for 112 gold pieces
 17759 | Orc:2    | Bought a potion of degeneration for 12 gold pieces
 17766 | Orc:2    | Bought a potion of flight for 36 gold pieces
 18402 | Orc:2    | Bought a potion of haste for 120 gold pieces
 18402 | Orc:2    | Bought a potion of cancellation for 96 gold pieces
 18402 | Orc:2    | Bought a potion of ambrosia for 96 gold pieces
 18402 | Orc:2    | Bought a potion of heal wounds for 60 gold pieces
 18402 | Orc:2    | Bought a potion of curing for 36 gold pieces
 18402 | Orc:2    | Bought a potion of lignification for 36 gold pieces
 18606 | D:13     | Found a labyrinth entrance.
 18610 | Lab      | Entered a labyrinth
 18717 | Lab      | Identified the Collected Works on the Compass
 18758 | Lab      | Got a shimmering pewter ring
 18762 | Lab      | Identified the ring "Ufre" {rN+ Str+3 Dex+5} (You found it in a labyrinth)
 18768 | Lab      | Learned a level 2 spell: Blink
 18775 | Lab      | Learned a level 6 spell: Dispersal
 18783 | Lab      | Got a pair of transparent gloves
 18789 | Lab      | Identified the +0 pair of gloves "Loozowarr" {rN+} (You found it in a labyrinth)
 19831 | D:13     | Reached XP level 16. HP: 144/144 MP: 25/25
 20028 | D:14     | Noticed Nessos
 20036 | D:14     | Killed Nessos
 20182 | D:14     | Found a gate to the Vaults.
 20312 | D:14     | Found Taet's Antique Weapon Shoppe.
 20899 | D:15     | Entered Level 15 of the Dungeon
 21201 | D:15     | Reached skill level 10 in Fighting
 21787 | D:15     | Found a staircase to the Depths.
 22255 | Snake:1  | Entered Level 1 of the Snake Pit
 22542 | Snake:1  | Found Heexoeck's Book Boutique.
 23066 | Snake:2  | Found Ysholays's Antique Armour Emporium.
 23076 | Snake:2  | Bought a shiny plate armour for 1040 gold pieces
 23208 | Snake:2  | Noticed Kirke
 23220 | Snake:2  | Killed Kirke
 23220 | Snake:2  | Reached skill level 15 in Shields
 23290 | Snake:2  | Reached skill level 1 in Dodging
 23364 | Snake:2  | Noticed Jorgrun
 23390 | Snake:2  | Killed Jorgrun
 23390 | Snake:2  | Reached skill level 2 in Dodging
 23469 | Snake:2  | Reached skill level 3 in Dodging
 24031 | Snake:3  | Reached skill level 4 in Dodging
 24127 | Snake:3  | Reached XP level 17. HP: 154/157 MP: 13/25
 24540 | Snake:3  | Noticed Donald
 24557 | Snake:3  | Killed Donald
 24557 | Snake:3  | Reached skill level 5 in Dodging
 24645 | Snake:3  | Reached skill level 15 in Evocations
 25386 | Shoals:1 | Entered Level 1 of the Shoals
 25644 | Shoals:1 | Reached skill level 6 in Dodging
 26134 | Shoals:2 | Found Vopaesch's Armour Shoppe.
 26241 | Shoals:2 | Found Viciesch's Jewellery Shoppe.
 26246 | Shoals:2 | Found Nofi's Book Shoppe.
 26838 | Shoals:2 | Noticed Polyphemus
 26907 | Shoals:1 | Reached skill level 7 in Dodging
 26929 | Shoals:2 | Killed Polyphemus
 26966 | Shoals:2 | Found Cereihec's Antique Weapon Shop.
 27508 | Shoals:3 | Reached skill level 8 in Dodging
 28352 | Shoals:3 | Reached skill level 9 in Dodging
 28566 | Snake:4  | Entered Level 4 of the Snake Pit
 28807 | Snake:4  | Gained mutation: You passively map a large area around you. [Deep Dwarf growth]
 28807 | Snake:4  | Reached XP level 18. HP: 171/171 MP: 26/26
 28981 | Snake:4  | Noticed Aizul
 29007 | Snake:4  | Killed Aizul
 29104 | Snake:4  | Found a bloodstained altar of Trog.
 29218 | Snake:4  | Noticed Saint Roka
 29274 | Snake:4  | Killed Saint Roka
 29274 | Snake:4  | Reached skill level 10 in Dodging
 29854 | Snake:4  | Reached skill level 11 in Dodging
 30184 | Snake:4  | Got a serpentine rune of Zot
 30539 | Snake:4  | Noticed Roxanne
 30826 | Snake:4  | Upgraded the game from 0.20-a0-957-g47ad1fd to 0.20-a0-958-g783e32d
 31064 | Orc:2    | Bought a runed broad axe for 189 gold pieces
 31310 | Snake:4  | Identified a scroll of acquirement
 32175 | D:15     | Found a glowing silver altar of Zin.
 32360 | Vaults:1 | Entered Level 1 of the Vaults
 32695 | Vaults:1 | Reached skill level 10 in Axes
 33563 | Vaults:1 | Reached XP level 19. HP: 183/183 MP: 27/27
 34432 | Vaults:2 | Reached skill level 10 in Armour
 35194 | Vaults:2 | Got a scintillating wooden ring
 36705 | Vaults:2 | Upgraded the game from 0.20-a0-958-g783e32d to 0.20-a0-960-ge493e74
 36706 | Vaults:2 | Identified the ring of Meded {Str+3 Stlth+} (You took it off a vault sentinel on level 2 of the Vaults)
 37009 | Vaults:1 | Reached skill level 15 in Axes
 37342 | Shoals:2 | Bought a +6 ring of protection for 936 gold pieces
 37994 | Vaults:3 | Reached XP level 20. HP: 188/192 MP: 28/28
 38073 | Vaults:3 | Reached skill level 12 in Dodging
 38247 | Vaults:3 | Found a staircase to the Crypt.
 40046 | Vaults:4 | Found a glowing golden altar of the Shining One.
 40313 | Vaults:4 | Reached skill level 13 in Dodging
 42339 | Shoals:4 | Entered Level 4 of the Shoals
 42648 | Shoals:4 | Got a barnacled rune of Zot
 42867 | Shoals:4 | Reached XP level 21. HP: 199/199 MP: 29/29
 42918 | Shoals:4 | Reached skill level 14 in Dodging
 43344 | Elf:1    | Entered Level 1 of the Elven Halls
 43440 | Elf:1    | Found Bung's Antique Armour Shop.
 43717 | Elf:1    | Found Jatuep's Armour Emporium.
 43745 | Elf:1    | Found Vuynucro's Assorted Antiques.
 43837 | Elf:1    | Found Yntoonux's General Store.
 43857 | Elf:1    | Reached skill level 15 in Fighting
 44316 | Elf:2    | Noticed Nikola
 44612 | Elf:2    | Reached skill level 15 in Dodging
 44654 | Elf:2    | Killed Nikola
 44921 | Elf:2    | Found a runed gate.
 44921 | Elf:2    | Found a runed gate.
 44921 | Elf:2    | Found a runed gate.
 45002 | Elf:3    | Entered Level 3 of the Elven Halls
 45062 | Elf:1    | Bought a scroll of enchant armour for 300 gold pieces
 45352 | Depths:1 | Entered Level 1 of the Depths
 46214 | Depths:1 | Found a one-way gate leading to the halls of Pandemonium.
 46334 | Depths:1 | Found Sonacrav's Gadget Boutique.
 46334 | Depths:1 | Found Sorekh's Jewellery Emporium.
 46335 | Depths:1 | Found Zej Galau's Gadget Boutique.
 46508 | Depths:1 | Reached skill level 16 in Dodging
 47461 | Depths:2 | Reached XP level 22. HP: 214/214 MP: 29/29
 47609 | Depths:2 | Found a gateway to a ziggurat.
 47759 | Depths:2 | Found a one-way gate to the infinite horrors of the Abyss.
 48327 | Depths:3 | Reached skill level 17 in Dodging
 48603 | Depths:3 | Found Suiheos's Weapon Emporium.
 48607 | Depths:3 | Found Zanteip's Book Shoppe.
 48608 | Depths:3 | Found Nycralau's Antique Weapon Emporium.
 49154 | Depths:3 | Found Voes's Weapon Boutique.
 49176 | Depths:3 | Reached skill level 18 in Dodging
 49986 | Depths:4 | Noticed a juggernaut
 50010 | Depths:4 | Killed a juggernaut
 50023 | Depths:4 | Noticed a juggernaut
 50042 | Depths:4 | Killed a juggernaut
 50080 | Depths:4 | Reached XP level 23. HP: 228/228 MP: 30/30
 50184 | Depths:4 | Identified the Grimoire of the Doomed Snowflakes
 50218 | Depths:4 | Reached skill level 19 in Dodging
 50942 | Depths:5 | Entered Level 5 of the Depths
 51048 | Depths:5 | Noticed Jory
 51307 | Depths:5 | Got a heavily runed lead ring
 51308 | Depths:5 | Identified the ring "Xuneni" {Wiz Str+2} (You found it on level 5 of the Depths)
 51437 | Depths:5 | Reached skill level 20 in Dodging
 52044 | Depths:5 | Killed Jory
 52493 | Depths:5 | Found a gate to the Realm of Zot.
 52666 | Depths:1 | Bought the amulet "Imoafa Qiud" {Spirit +Inv Slay+4 Stlth+} for 763 gold pieces
 52670 | Depths:1 | Upgraded the game from 0.20-a0-960-ge493e74 to 0.20-a0-970-gcd8f41e
 52980 | Orc:2    | Bought a potion of agility for 48 gold pieces
 52980 | Orc:2    | Bought a potion of berserk rage for 60 gold pieces
 52980 | Orc:2    | Bought 2 potions of flight for 72 gold pieces
 52981 | Orc:2    | Bought a scroll of enchant armour for 105 gold pieces
 53064 | Elf:1    | Bought a potion of might for 64 gold pieces
 53064 | Elf:1    | Bought a potion of mutation for 128 gold pieces
 53064 | Elf:1    | Bought a potion of curing for 48 gold pieces
 53444 | Orc:2    | Bought a potion of heal wounds for 70 gold pieces
 53444 | Orc:2    | Bought a potion of might for 56 gold pieces
 53713 | Depths:2 | Voluntarily entered the Abyss.
 54014 | Abyss:1  | Got a coiled turquoise ring
 54018 | Abyss:1  | Identified the ring "Peocourch" {*Contam +Blink rC+ rN+ Str+5} (You took it off an iron imp on level 1 of the Abyss)
 54108 | Abyss:3  | Found a corrupted altar of Lugonu.
 54172 | Abyss:3  | Reached XP level 24. HP: 217/242 MP: 0/30
 54308 | Abyss:3  | Found a corrupted altar of Lugonu.
 54316 | Abyss:3  | Got an abyssal rune of Zot
 54393 | Depths:2 | Escaped the Abyss
 54504 | Depths:2 | Found a gateway to a ziggurat.
 55121 | Depths:2 | Found a gateway to a ziggurat.
 55554 | Depths:3 | Found Suiheos's Weapon Emporium.
 55556 | Depths:3 | Found Zanteip's Book Shoppe.
 55558 | Depths:3 | Found Nycralau's Antique Weapon Emporium.
 55761 | Depths:3 | Noticed a juggernaut
 55780 | Depths:3 | Killed a juggernaut
 55925 | Zot:1    | Entered Level 1 of the Realm of Zot
 56138 | Zot:3    | Reached skill level 21 in Dodging
 56986 | Zot:5    | Entered Level 5 of the Realm of Zot
 57010 | Zot:5    | Reached skill level 15 in Armour
 57362 | Zot:5    | Noticed an ancient lich
 57399 | Zot:5    | Killed an ancient lich
 57536 | Zot:5    | Noticed an orb of fire
 57550 | Zot:5    | Reached XP level 25. HP: 253/253 MP: 0/30
 57561 | Zot:5    | Gained mutation: You are resistant to hostile enchantments. (MR+) [an orb of fire]
 57564 | Zot:5    | Killed an orb of fire
 57663 | Zot:5    | Noticed an orb of fire
 58094 | Zot:5    | Killed an orb of fire
 58094 | Zot:5    | Reached skill level 22 in Dodging
 58107 | Zot:5    | Got the Orb of Zot
 58153 | Zot:5    | Noticed an ancient lich
 58171 | Zot:5    | Noticed an orb of fire
 58284 | Zot:2    | Noticed Ulaelog the pandemonium lord
 58304 | Zot:2    | HP: 5/254 [Ulaelog the pandemonium lord/great blast of fire (72)]
 58305 | Zot:2    | Killed from afar by Ulaelog the pandemonium lord

Vault maps used:
D:1:      dpeg_cavernosity
D:2:      gammafunk_temple_overflow_forgotten
D:3:      nicolae_overflow_crystal_walls, uniq_jessica
D:4:      uniq_blork_the_orc
D:5:      vehumet_crystals, first_bread, uniq_menkaure
D:6:      overflow_temple_1_default, minmay_temple_entry_fiery
D:7:      lemuel_slime, lemuel_doored_altar, nemelex_xobeh_ov_fountains_minmay,
          uniq_prince_ribbit1
D:8:      yredelemnul_forgotten_temple_becter, david_lair_generic, basic_altar
D:9:      grunt_temple_overflow_forces_of_nature, led_sif_book
D:10:     minmay_orc_entry_temple_small, hangedman_little_slice_of_home,
          uniq_fannar
D:11:     bloody_makhleb, uniq_josephine
D:12:     uniq_maurice
D:13:     minmay_quarter_circles, lab_entry_generic, special_room,
          serial_curves, eino_curves_03, eino_curves_01
D:14:     minmay_statue_hallways, serial_shops, shop, minmay_strange_pillars,
          spider_trap, uniq_nessos
D:15:     grunt_enter_depths_snipers, zin_angel
Temple:   compressed_dpeg_circular_temple
Lair:2:   guppyfry_snake_entry_island, hangedman_lair_unloving_vines
Lair:3:   shoals_dummy_entry, kennysheep_basilisk_garden
Lair:4:   grunt_megastairs_1
Lair:5:   minmay_slime_entry_pillars, cheibrodos_lair_caveside_slide,
          serial_bayou_pond_c
Lair:6:   evil_forest, grunt_megastairs_4
Shoals:2: serial_shops, nicolae_shop_waterfront, nicolae_shop_behind_doors,
          shop, shop, uniq_polyphemus
Shoals:3: cheibrodos_shoals_epimethial_gifts, nicolae_shoals_drake_roost
Shoals:4: shoals_end_simple, shoal_ilsuiw
Snake:1:  serial_shops, shop
Snake:2:  serial_shops, shop, uniq_kirke, uniq_jorgrun
Snake:3:  spider_trap, nicolae_coiled_stairwell_up, uniq_donald
Snake:4:  snake_pit, basic_altar, serial_bayou_shore_a, uniq_saint_roka,
          uniq_roxanne, uniq_aizul
Orc:1:    basic_altar, david_defended_altar_orc
Orc:2:    st_orc_ogre_mass
Elf:1:    eino_elf_arrival_sip, serial_shops, shop, shop, shop,
          nicolae_shop_statue_plus, hangedman_elf_represent
Elf:2:    evilmike_minifort, uniq_nikola
Elf:3:    grunt_elf_hall_branching
Vaults:1: hangedman_vaults_nodes, nicolae_vaults_little_squares_3,
          ontoclasm_vaults_ring_large, nicolae_vaults_circle_grid_b
Vaults:2: v_misc_4, nicolae_vaults_back_hallway,
          nicolae_vaults_disjoint_gnomons, st_quartered_hall, vaults_room_pool,
          vaults_mumra_minichess, v_alt_pattern_2, nicolae_vaults_network_s,
          nicolae_vaults_little_ls, nicolae_vaults_sealed_display,
          nicolae_vaults_diagonal_hallway_6, ontoclasm_vaults_decontamination
Vaults:3: vaults_room_octagon, minmay_crypt_entry_simple_corners,
          vaults_room_grid, v_misc_28, vaults_standard_mumra_enter_the_diamond,
          ontoclasm_vaults_chip, vaults_room_pools
Vaults:4: vaults_dpeg_doors, v_rooms_5, ontoclasm_vaults_misaligned,
          vaults_room_fours, ontoclasm_vaults_hangar,
          nicolae_vaults_little_squares_6, vaults_room_door_ring,
          hangedman_vaults_trim, hangedman_vaults_maws, basic_altar
Depths:1: hangedman_geh_valley, rand_demon_pan_entry_3,
          hangedman_decor_peaks_small, minivault_11, kennysheep_random_hallway,
          minmay_shop_grove
Depths:2: hangedman_elemental_death_ray, enter_ziggurat_a, hell_entry,
          hangedman_abyss_entry_splay, minivault_14, st_stairs_13
Depths:3: minmay_two_paths, rand_demon_pan_entry_4, hell_entry,
          minmay_misc_feat_rows, serial_shops, nicolae_shop_crystal,
          minmay_shop_star, infiniplex_staircase_zigzag_2
Depths:4: grunt_arcs, hangedman_coc_ice_floe, abyss_entry,
          minmay_misc_feat_more_columns
Depths:5: grunt_zot_entry_hairpin, hell_entry, abyss_entry,
          minmay_misc_feat_hallway, lightli_fourway_metalbox, uniq_jory
Zot:3:    grunt_zot_stairs_overgrown, grunt_megastairs_3
Zot:4:    st_stairs_4, grunt_megastairs_5
Zot:5:    basic_stair_grate_trap
Abyss:3:  dshaligram_kb_abyss_rune_zappy_water_cross
Lab:      labyrinth_hidden_loot, lab_statue, nicolae_lab_statue,
          labyrinth_skeletal_remains

Skill      XL: |  1  2  3  4  5  6  7  8  9 10 11 12 13 14 15 16 17 18 19 20 21 22 23 24 25 |
---------------+----------------------------------------------------------------------------+-----
Fighting       | 3 4 5 6 8 9 11 13 14 16 18 19 20 | 20.6
Axes           | 3 4 5 6 8 9 11 15 18 | 18.3
Evocations     | 1 2 3 5 6 7 8 11 13 14 16 17 | 17.1
Slings         | 3 5 10 12 | 12.0
Throwing       | 2 |  2.7
Armour         | 4 5 8 9 12 15 17 | 17.2
Invocations    | 3 6 9 12 13 15 16 17 | 17.0
Shields        | 4 5 10 13 15 | 15.0
Dodging        | 4 9 11 13 16 18 20 21 22 | 22.0

Action                   |  1- 3 |  4- 6 |  7- 9 | 10-12 | 13-15 | 16-18 | 19-21 | 22-24 | 25-27 || total
-------------------------+-------+-------+-------+-------+-------+-------+-------+-------+-------++-------
Melee: War axe           |   146 |   144 |   261 |   139 |       |       |       |       |       ||   690
       Hunting sling     |       |       |       |       |       |       |     3 |       |       ||     3
       Broad axe         |       |       |       |       |       |       |  1093 |  2343 |   206 ||  3642
 Fire: Hunting sling     |       |    13 |    66 |   548 |  1123 |  2683 |  1981 |       |       ||  6414
Throw: Stone             |    69 |    25 |       |       |       |       |     1 |       |       ||    95
       Javelin           |       |       |    47 |    13 |       |       |    50 |    42 |    27 ||   179
       Throwing net      |       |       |     5 |       |     1 |       |     6 |     1 |     1 ||    14
Invok: Lesser Servant of |       |       |       |       |     1 |       |       |     2 |     1 ||     4
       Greater Servant o |       |       |       |       |       |     3 |     1 |     6 |     1 ||    11
       Minor Destruction |       |       |       |       |       |     1 |     5 |     4 |    14 ||    24
       Major Destruction |       |       |       |       |       |       |     1 |       |       ||     1
 Abil: Heal Wounds       |     1 |     2 |     4 |     2 |       |     1 |     3 |     7 |    12 ||    32
       Evoke Blink       |       |       |       |     1 |       |     2 |    15 |       |       ||    18
Evoke: Wand              |       |     1 |    16 |     9 |    22 |    42 |    63 |    23 |     1 ||   177
       Lightning rod     |       |       |       |     4 |     4 |       |    12 |     4 |       ||    24
       Box of beasts     |       |       |       |       |     1 |       |       |     1 |     1 ||     3
       Phial of floods   |       |       |       |       |     1 |       |       |       |       ||     1
       Sack of spiders   |       |       |       |       |       |       |     1 |     1 |     1 ||     3
       Lamp of fire      |       |       |       |       |       |       |       |     1 |       ||     1
  Use: Scroll            |     5 |     3 |     7 |     8 |     7 |    12 |    17 |    17 |     5 ||    81
       Potion            |     1 |       |     1 |     1 |     2 |    16 |    12 |    22 |     6 ||    61
 Stab: Held in net/web   |       |       |     1 |       |       |       |       |       |       ||     1
       Confused          |       |       |       |     1 |       |       |     5 |     1 |       ||     7
       Paralysed         |       |       |       |       |       |       |     2 |     2 |       ||     4
       Distracted        |       |       |       |       |       |       |     1 |     2 |       ||     3
       Invisible         |       |       |       |       |       |       |       |    10 |       ||    10
  Eat: Chunk             |     2 |     4 |    11 |     2 |       |       |       |       |       ||    19
       Royal jelly       |       |       |     1 |     5 |       |     2 |       |       |       ||     8
       Meat ration       |       |       |       |     1 |       |     5 |     9 |     4 |       ||    19
       Bread ration      |       |       |       |     3 |     5 |     3 |     3 |     6 |       ||    20
       Fruit             |       |       |       |     2 |     3 |     3 |     4 |     3 |       ||    15
Armor: Scale mail        |    44 |    54 |    65 |       |       |       |       |       |       ||   163
       Ring mail         |       |       |    40 |    83 |       |       |       |       |       ||   123
       Chain mail        |       |       |       |     8 |   119 |   184 |       |       |       ||   311
       Plate armour      |       |       |       |       |    28 |    69 |   549 |   674 |    76 ||  1396
Dodge: Dodged            |    32 |    39 |    59 |    65 |    65 |   260 |   842 |  1113 |   103 ||  2578
Block: Shield            |    59 |    66 |   108 |   152 |   186 |   525 |  1308 |  1420 |   129 ||  3953
